 Dungeon Crawl Stone Soup version 0.31-a0-208-gdb31a4691d (webtiles) character file.

Game seed: 14152243798495637167

92 kiwi3s the Trooper (level 4, -2/61 HPs)
             Began as a Minotaur Berserker on June 28, 2023.
             Was a Believer of Trog.
             Killed from afar by Sigmund (5 damage)
             ... with a puff of flame
             ... on level 3 of the Dungeon.
             The game lasted 00:02:34 (1689 turns).

kiwi3s the Trooper (Minotaur Berserker)             Turns: 1689, Time: 00:02:35

Health: -2/61      AC:  2    Str: 24    XL:     4   Next: 35%
Magic:  3/3        EV: 12    Int:  4    God:    Trog [**....]
Gold:   177        SH:  0    Dex:  9    Spells: 3/3 levels left

rFire   + . .        a - +0 hand axe
rCold   + . .        (no shield)
rNeg    . . .        b - +0 animal skin
rPois   .            (helmet restricted)
rElec   .            m - scarf {rC+ rF+}
rCorr   .            (no gloves)
SInv    .            (no boots)
Will    .....        (no amulet) Stlth
                     (no ring)
HPRegen 0.30/turn    (no ring)
MPRegen 0.08/turn

%: no passive effects
@: confused, berserking (expiring), very quick
A: horns 2, retaliatory headbutt
a: Renounce Religion, Berserk, Trog's Hand


You were on level 3 of the Dungeon.
You worshipped Trog.
Trog was pleased with you.
You visited 1 branch of the dungeon, and saw 3 of its levels.

You collected 177 gold pieces.

Inventory:

Hand Weapons
 a - a +0 hand axe (weapon)
Armour
 b - a +0 animal skin (worn)
 m - a scarf of resistance (worn)
Jewellery
 d - a ring of flight
 g - a ring of fire
Scrolls
 c - a scroll of brand weapon {unknown}
 e - 3 scrolls of identify {unknown}
 h - a scroll of blinking {unknown}
 i - a scroll of acquirement {unknown}
Potions
 f - 3 potions of curing {unknown}
 j - a potion of brilliance {unknown}
 l - a potion of might {unknown}


   Skills:
 + Level 4.4 Fighting
 + Level 4.4 Axes
 + Level 3.4 Armour
 + Level 3.1 Dodging


You had 3 spell levels left.
You didn't know any spells.
Your spell library was empty.

Dungeon Overview and Level Annotations

Branches:
Dungeon (3/15)

Altars:

Shops:
D:2 :

Annotations:
D:3 Sigmund


Innate Abilities, Weirdness & Mutations

You have a pair of horns on your head.
You reflexively headbutt those who attack you in melee.


Message History

Sigmund hits you but does no damage. The rat misses you.
You hit Sigmund.
Sigmund is moderately wounded.
You hit the rat but do no damage. The rat bites you but does no damage.
Sigmund barely misses you. You furiously retaliate!
You headbutt Sigmund. You hit Sigmund.
Sigmund is heavily wounded.
You barely miss the rat. The rat completely misses you.
You furiously retaliate!
You headbutt the rat. Sigmund hits you with a +0 scythe.
* * * LOW HITPOINT WARNING * * *
The rat completely misses you.
A red film seems to cover your vision as you go berserk!
You feel yourself moving faster!
You feel mighty! The rat barely misses you.
You barely miss Sigmund. Your headbutt misses Sigmund.
Sigmund is heavily wounded.
You hit the rat.
You kill the rat!
Trog accepts your kill. Sigmund gestures at you while chanting.
You are confused.
You closely miss Sigmund.
Sigmund is heavily wounded.
You barely miss Sigmund.
Sigmund is heavily wounded.
Sigmund closely misses you.
Unknown command.
You bump into the rock wall.
Unknown command.
Okay, then.
You closely miss Sigmund. Your headbutt misses Sigmund.
Sigmund is heavily wounded.
Sigmund hits you with a +0 scythe!
* * * LOW HITPOINT WARNING * * *
You bump into the rock wall.
You bump into the rock wall.
You feel a strong urge to attack something.
Sigmund points at you and mumbles some strange words.
The puff of flame hits you. You resist.
You die...

##.....#.#
.#
#........#
)#
#........#
.#
#..).)...#
..
##.)...#.#
##...##.#
###@##.#
#.##@#
#.##@### .
#.##.†.#
###.
#.####.# ...
#(....†##..#
######..#.#
###...r#
#....###
#.#..##
#.##..##


You could see Sigmund.

Vanquished Creatures
  An orc priest (D:3)
  A worm (D:3)
  A dart slug (D:3)
  3 orcs (D:3)
  5 endoplasms
  10 goblins
  A hobgoblin (D:3)
  4 jackals (D:3)
  5 kobolds
  4 quokkas (D:2)
  5 ball pythons
  6 bats
  2 frilled lizards
  A rat (D:3)
49 creatures vanquished.

Notes
Turn   | Place    | Note
-------+----------+-------------------------------------------
     0 | D:1      | kiwi3s the Minotaur Berserker began the quest for the Orb.
     0 | D:1      | Reached XP level 1. HP: 19/19 MP: 0/0
   520 | D:1      | Reached XP level 2. HP: 27/27 MP: 1/1
  1097 | D:2      | Reached ** piety under Trog
  1098 | D:2      | Reached XP level 3. HP: 33/33 MP: 2/2
  1178 | D:2      | Found Girosoh's Book Boutique.
  1602 | D:3      | Reached XP level 4. HP: 15/41 MP: 3/3
  1625 | D:3      | Noticed Sigmund
  1687 | D:3      | HP: 2/61 [Sigmund/+0 scythe (10)]
  1689 | D:3      | Killed from afar by Sigmund

Illustrated notes

Levels and vault maps discovered:
D:1:      saegor_arrival_under_anarchy, layout_loops_corners,
          minmay_split_cup_large
D:2:      layout_rooms, serial_shops, nicolae_shop_tiny_waterfront
D:3:      layout_rooms, mainiacjoe_overflow_boulevard, uniq_sigmund,
          uniq_grinder, uniq_natasha

Skill      XL: |  1  2  3 |
---------------+----------+-----
Fighting       | 4 |  4.4
Axes           | 4 |  4.4
Armour         | 3 |  3.4
Dodging        | 3 |  3.1

Action                     |  1- 3 |  4- 6 || total
---------------------------+-------+-------++-------
  Melee: Hand axe          |    85 |     9 ||    94
         Headbutt          |     9 |     2 ||    11
         Punch             |     1 |       ||     1
  Throw: Throwing net      |       |     2 ||     2
 Invoke: Berserk           |       |     1 ||     1
   Stab: Sleeping          |     1 |       ||     1
 Armour: Animal skin       |    25 |     2 ||    27
  Dodge: Dodged            |    63 |    11 ||    74

Table legend: (Time is in decaauts)
 A = Elapsed time spent in this place.
 B = Non-inter-level travel time spent in this place.
 C = Inter-level travel time spent in this place.
 D = Time resting spent in this place.
 E = Time spent auto-exploring this place.
 F = Levels seen in this place.
 G = Mean time per level.
                   A        B        C        D        E       F      G
               +--------+--------+--------+--------+--------+-----+--------+
         Total |   1696 |   1622 |     74 |      2 |   1341 |   3 |  565.3 |
       Dungeon |   1696 |   1622 |     74 |      2 |   1341 |   3 |  565.3 |
               +--------+--------+--------+--------+--------+-----+--------+

Top non-repeatable levels by time:
     D:1: 846 daAuts
     D:2: 602 daAuts
     D:3: 247 daAuts
